 Dungeon Crawl Stone Soup version 0.29.1-12-g30fa7ad0bf (webtiles) character file.

Game seed: 3915918604419401514

35 cheesebisquit the Chopper (level 3, -1/33 HPs)
             Began as a Minotaur Berserker on Jan 1, 2023.
             Was a Follower of Trog.
             Succumbed to a goblin's poison
             ... on level 1 of the Dungeon.
             The game lasted 00:03:39 (958 turns).

cheesebisquit the Chopper (Minotaur Berserker)       Turns: 958, Time: 00:03:40

Health: -1/33      AC:  6    Str: 23    XL:     3   Next: 16%
Magic:  2/2        EV: 10    Int:  4    God:    Trog [*.....]
Gold:   38         SH:  0    Dex:  9    Spells: 2/2 levels left

rFire   . . .      SeeInvis .   a - +0 hand axe
rCold   . . .      Faith    .   (no shield)
rNeg    . . .      Spirit   .   g - +0 scale mail
rPois   .          Reflect  .   (helmet restricted)
rElec   .          Harm     .   (no cloak)
rCorr   .          Rampage  .   (no gloves)
Will    .....                   (no boots)
Stlth   ..........              (no amulet)
HPRegen 0.11/turn               (no ring)
MPRegen 0.08/turn               (no ring)

@: lethally poisoned (-1 -> -3), on berserk cooldown, attractive, slowed, very
slow
A: horns 2, retaliatory headbutt
a: Renounce Religion, Berserk


You were on level 1 of the Dungeon.
You worshipped Trog.
Trog was aware of your devotion.
You visited 1 branch of the dungeon, and saw 2 of its levels.

You collected 38 gold pieces.

Inventory:

Hand Weapons
 a - a +0 hand axe (weapon)
Armour
 b - a +0 animal skin
 g - a +0 scale mail (worn)
Scrolls
 e - a scroll of noise {unknown}
 f - a scroll of poison {unknown}
 h - a scroll of fear {unknown}


   Skills:
 - Level 3.8 Fighting
 + Level 4.7 Axes
 - Level 2.7 Armour
 - Level 2.4 Dodging


You had 2 spell levels left.
You didn't know any spells.
Your spell library was empty.

Dungeon Overview and Level Annotations

Branches:
Dungeon (2/15)

Altars:

Annotations:
D:2 Robin


Innate Abilities, Weirdness & Mutations

You have a pair of horns on your head.
You reflexively headbutt those who attack you in melee.


Message History

You feel the power of Trog in you as your rage grows.
You kill the goblin!
Trog accepts your kill.
You feel sick. The goblin hits you but does no damage.
You are more poisoned.
You slash the goblin!
You kill the goblin!
Trog accepts your kill.
You feel very sick.
You feel sick.
Things that are here:
a +2 dagger of venom; a goblin corpse You feel a strong urge to attack something.
You feel very sick.
There is a stone staircase leading down here.
You feel sick.
Things that are here:
a +0 dagger; a goblin corpse You feel your anger nearly subside.
You are no longer berserk.
You are exhausted.
You feel yourself slow down.
* * * LOW HITPOINT WARNING * * *
You feel sick.
You see here a +0 club.
* * * LOW HITPOINT WARNING * * *
You feel very sick.
There is a stone staircase leading down here.
It was a potion of attraction.
You feel attractive to monsters.
* * * LOW HITPOINT WARNING * * *
You feel sick.
* * * LOW HITPOINT WARNING * * *
You feel sick.
As you read the scroll labelled LONAUW PUKE, it crumbles to dust.
The scroll dissolves into smoke.
It was a scroll of fog.
* * * LOW HITPOINT WARNING * * *
You feel sick.
As you read the scroll labelled REOPOVV XIRR, it crumbles to dust.
You feel a surge of unholy energy.
It was a scroll of torment.
You die...

#.###...##...##...##...##...###..
#.##.....##.##.....##.##.....##..
#'#.......''+...8...''+...)...#+#
#.##.....##.##.....##)##.....##.#
...##...##...##...##...##...##...
....##'##|....##'##.....##'##....
...##...##...##...##...##...##...
#.##.....##.##§§§§.##.##.....##.#
#'#.......#'#.§§@§..#+#.......#'#
#.##.....##.##.§§§.##.##.....##.#
...##...##...##...##...##...##)..
....##'##.....##'##.....##'##....
...##...##...##...##...##...##...
#.##.....##.##.....##.##.....##.#
#+#.......'''...8...'''.......#'#
..##.....##.##.....##.##.....##..
#.###...##...##...##...##...###.#


There were no monsters in sight!

Vanquished Creatures
  A gnoll (D:1)
  A ball python (D:1)
  2 bats (D:1)
  4 endoplasms (D:1)
  A giant cockroach (D:1)
  5 goblins (D:1)
  2 hobgoblins (D:1)
  2 kobolds (D:1)
  4 rats (D:1)
22 creatures vanquished.

Notes
Turn   | Place    | Note
-------+----------+-------------------------------------------
     0 | D:1      | cheesebisquit the Minotaur Berserker began the quest for
                  | the Orb.
     0 | D:1      | Reached XP level 1. HP: 19/19 MP: 0/0
   302 | D:1      | Reached XP level 2. HP: 27/27 MP: 1/1
   366 | D:1      | Reached skill level 4 in Axes
   667 | D:1      | Reached XP level 3. HP: 31/33 MP: 2/2
   940 | D:2      | Identified the -2 helmet of the Past {*Corrode rElec
                  | Stlth+}
   940 | D:2      | Noticed Robin
   957 | D:1      | HP: 1/33 [poisoned by a goblin]
   958 | D:1      | Succumbed to a goblin's poison

Illustrated notes

Levels and vault maps discovered:
D:1:      eino_arrival_water_cross, layout_rooms, minmay_misc_feat_hallway,
          nicolae_hexahallways, chequers_mini_garden,
          kennysheep_decorative_pillar, st_stairs_14
D:2:      layout_rooms, uniq_terence, uniq_robin

Skill      XL: |  1  2 |
---------------+-------+-----
Axes           | 4 |  4.7
Fighting       | |  3.8
Armour         | |  2.7
Dodging        | |  2.4

Action                   || total
-------------------------++-------
Melee: Hand axe          ||    47
       Headbutt          ||     2
       Punch             ||     1
Invok: Berserk           ||     1
  Use: Scroll            ||     2
       Potion            ||     1
Armor: Animal skin       ||     7
       Scale mail        ||    17
Dodge: Dodged            ||    33
